 Dungeon Crawl Stone Soup version 0.28.0 (webtiles) character file.

Game seed: 2075239435422845004

295 GrayStillPlays the Insei (level 6, 0/46 HPs)
             Began as a Demonspawn Transmuter on Feb 12, 2022.
             Slain by a scorpion (2 damage)
             ... on level 5 of the Dungeon.
             The game lasted 00:11:25 (5603 turns).

GrayStillPlays the Insei (Demonspawn Transmuter)    Turns: 5603, Time: 00:11:25

Health: 0/46       AC:  7    Str: 14 (16) XL:     6   Next: 11%
Magic:  10/10      EV: 12    Int: 13 (16) God:
Gold:   199        SH:  4    Dex: 13 (14) Spells: 8/11 levels left

rFire   . . .      SeeInvis .     - Unarmed
rCold   . . .      Faith    .   (no shield)
rNeg    + . .      Spirit   .   y - +1 robe {Will+}
rPois   .          Reflect  .   d - +2 hat
rElec   .          Harm     .   (no cloak)
rCorr   .          Rampage  .   (no gloves)
Will    +....                   (no boots)
Stlth   +.........              (no amulet)
HPRegen 0.15/turn               p - ring of positive energy
MPRegen 0.12/turn               z - +6 ring of strength

@: lethally poisoned (0 -> -8)
A: antennae 2, icy blue scales 1, powered by pain 1, condensation shield
a: no special abilities


You were on level 5 of the Dungeon.
You visited 1 branch of the dungeon, and saw 5 of its levels.

You collected 199 gold pieces.


Innate Abilities, Weirdness & Mutations

You have a pair of antennae on your head.
You are partially covered in icy blue scales. (AC +2)
You sometimes gain a little power by taking damage.
A meltable shield of frost defends you. (SH +4)


   Skills:
 + Level 2.7 Fighting
 - Level 2.5 Dodging
 * Level 1.7 Shields
 + Level 3.5 Unarmed Combat
 - Level 3.0 Spellcasting
 - Level 3.0 Transmutations
 + Level 0.0 Poison Magic


You had 8 spell levels left.
You knew the following spells:

 Your Spells              Type           Power      Damage    Failure   Level
a - Beastly Appendage     Tmut           18%        N/A       7%          1
b - Wereblood             Tmut           9%         N/A       10%         2

Your spell library contained the following spells:

 Spells                   Type           Power      Damage    Failure   Level
 Passwall                 Tmut/Erth      4%         N/A       19%         2
 Ensorcelled Hibernation  Hex/Ice        2%         N/A       34%         2
 Spider Form              Tmut/Pois      5%         N/A       36%         3
 Dazzling Flash           Conj/Hex       2%         N/A       56%         3
 Swiftness                Air            1%         N/A       56%         3
 Ice Form                 Ice/Tmut       5%         N/A       77%         4
 Agony                    Necr           1%         N/A       99%         5
 Silence                  Hex/Air        0%         N/A       99%         5

Inventory:

Hand Weapons
 b - a +0 short sword {short}
   (You took it off a kobold on level 1 of the Dungeon)
 f - a +0 short sword {short}
   (You found it on level 1 of the Dungeon)
Missiles
 h - 134 stones {throwing}
 j - 67 sling bullets
 o - 6 javelins {throwing}
 r - 20 bolts
 u - 31 arrows
Armour
 a - a +0 robe
 d - a +2 hat (worn)
   (You found it on level 2 of the Dungeon)
 w - a +0 kite shield
   (You found it on level 4 of the Dungeon)
 y - a +1 robe of willpower (worn)
   (You found it on level 4 of the Dungeon)
Jewellery
 p - a ring of positive energy (left hand)
   (You took it off a goblin on level 3 of the Dungeon)
 z - a +6 ring of strength (right hand)
   (You found it on level 4 of the Dungeon)
Scrolls
 c - 3 scrolls of teleportation {@r4}
 i - 2 scrolls of identify {unknown}
 l - a scroll of vulnerability {unknown}
 m - a scroll of noise {unknown}
 q - a scroll of amnesia {unknown}
 s - a scroll of torment {unknown}
 x - a scroll of enchant weapon {unknown}
 A - a scroll of fear
Potions
 g - a potion of haste {unknown}
 k - a potion of resistance {unknown}
 n - 2 potions of degeneration {!q@e2}
 t - a potion of curing {unknown}
 v - a potion of flight {unknown}

Dungeon Overview and Level Annotations

Branches:
Dungeon (5/15)
 Temple: D:4-7

Altars:
Cheibriados
Elyvilon
Wu Jian

Annotations:
D:2 1 runed translucent door, Crazy Yiuf, Sigmund

...........# ..........
........ #......# #......#
#......# . #......# #.
#...s..######
#.###+######+###@#........
.........#.......#........
.........#.......+........
.........'.......#........
##....####..##...#.......g
##....########...#........
.................#........
.................#.......g
#####............#


You could see a scorpion.


Message History

You hit the scorpion but do no damage. You claw the scorpion.
You kill the scorpion!
You feel very sick.
Your Transmutations skill increases to level 3!
You have reached level 6!
Your demonic ancestry asserts itself...
The antennae on your head grow some more. 😕 HP[+3] MP[+1]
You now have 46 max hp (+7).
You regained 3 hp, and now have 36/46 hp.
Your mp is fully restored (10).
Casting: Beastly Appendage (safe; 5% risk of failure)
Confirm with . or Enter, or press ? or * to list all spells.
Okay, then.
Okay, then.
Okay, then.
You feel sick.
You feel sick.
You feel sick.
You feel sick.
You feel sick.
You feel sick.
You feel sick.
You are no longer poisoned.
Your talons disappear.
Your +2 hat unmelds from your body.
There is an open door here.
You see here a scorpion corpse.
A scorpion comes into view. 😎 HP[+10]
Your hp is fully restored (46).
Your feet morph into talons.
Your +2 hat melds into your body. 😎 MP[-1]
You lost 1 mp, and now have 9/10 mp. 2 gnolls come into view.
There is an open door here.
You see here a scorpion corpse.
You hit the scorpion. The scorpion barely misses you.
You closely miss the scorpion. Your kick misses the scorpion.
The scorpion stings you but does no damage.
You hit the scorpion. The scorpion stings you. 😕 HP[-4]
You take 4 damage, and now have 42/46 hp.
You hit the scorpion but do no damage. Your kick misses the scorpion.
Your transformation is almost over.
The scorpion stings you.
You are poisoned.
The scorpion poisons you!
The scorpion stings you but does no damage. 😕 HP[-6] MP[+1]
You take 6 damage, and now have 36/46 hp.
Your mp is fully restored (10).
You barely miss the scorpion.
You feel very sick.
The scorpion barely misses you. 😮 HP[-3]
You take 3 damage, and now have 33/46 hp.
You hit the scorpion.
You feel very sick. The scorpion misses you. 😮 HP[-3]
You take 3 damage, and now have 30/46 hp.
You hit the scorpion but do no damage.
You feel sick.
The scorpion closely misses you. 😮 HP[-1]
You take 1 damage, and now have 29/46 hp.
You hit the scorpion.
You feel sick. The scorpion stings you. 😮 HP[-3]
You take 3 damage, and now have 26/46 hp.
You closely miss the scorpion.
You feel sick. The scorpion stings you!
* * * LOW HITPOINT WARNING * * *
😨 HP[-8]
You take 8 damage, and now have 18/46 hp.
You closely miss the scorpion.
You feel sick. The scorpion stings you.
* * * LOW HITPOINT WARNING * * *
😨 HP[-6]
You take 6 damage, and now have 12/46 hp.
You hit the scorpion but do no damage.
You feel sick.
The scorpion stings you but does no damage.
The scorpion stings you.
* * * LOW HITPOINT WARNING * * *
You are lethally poisoned!
The scorpion poisons you! 😱 HP[-6]
You take 6 damage, and now have 6/46 hp.
It was a potion of degeneration.
There was something very wrong with that liquid.
You feel weakened.
You feel dopey.
You feel clumsy.
Your talons disappear.
Your +2 hat unmelds from your body.
* * * LOW HITPOINT WARNING * * *
You feel very sick. The scorpion misses you. 😱 HP[-3]
You take 3 damage, and now have 3/46 hp.
Unknown command.
It was a potion of magic.
Magic courses through your body.
* * * LOW HITPOINT WARNING * * *
You feel sick. The scorpion stings you.
You die...

Skill      XL: |  1  2  3  4  5 |
---------------+----------------+-----
Dodging        | 2 |  2.5
Transmutations | 2 3 |  3.0
Unarmed Combat | 3 |  3.5
Fighting       | 2 |  2.7
Shields        | 1 |  1.7
Spellcasting   | 3 |  3.0

Action                   |  1- 3 |  4- 6 || total
-------------------------+-------+-------++-------
Melee: Unarmed           |   116 |   173 ||   289
       Kick              |    28 |    24 ||    52
       Headbutt          |    16 |       ||    16
       Punch             |     4 |     4 ||     8
Throw: Javelin           |       |     2 ||     2
       Stone             |       |     1 ||     1
 Cast: Beastly Appendage |    37 |    24 ||    61
       Wereblood         |       |     1 ||     1
  Use: Scroll            |       |     3 ||     3
       Potion            |       |     3 ||     3
 Stab: Sleeping          |     2 |       ||     2
       Fleeing           |       |     1 ||     1
Armor: Robe              |    32 |    46 ||    78
Dodge: Dodged            |    85 |    78 ||   163
Block: Other             |    13 |    30 ||    43

Levels and vault maps discovered:
D:1:      lemuel_arrival_lava_pool, layout_basic
D:2:      layout_basic, uniq_sigmund, uniq_crazy_yiuf_cottage
D:3:      layout_loops_corners, minmay_misc_feat_x, uniq_ijyb
D:4:      layout_rooms, nicolae_wu_jian_immortal_techniques,
          mainiacjoe_overflow_catwalk, cheibriados_altar_2
D:5:      layout_gridville, minmay_temple_entry_junction, grunt_decor_fettered,
          corexii_checkpoint_a, uniq_prince_ribbit1

Notes
Turn   | Place    | Note
-------+----------+-------------------------------------------
     0 | D:1      | GrayStillPlays the Demonspawn Transmuter began the quest
                  | for the Orb.
     0 | D:1      | Reached XP level 1. HP: 15/15 MP: 3/3
     0 | D:1      | magus.rc [v1.9.6]
   141 | D:1      | Gained mutation: You are partially covered in icy blue
                  | scales. (AC +2) [demonic ancestry]
   141 | D:1      | Reached XP level 2. HP: 21/21 MP: 3/5
   183 | D:1      | Reached skill level 2 in Dodging
   183 | D:1      | Reached skill level 2 in Transmutations
   489 | D:1      | HP: 3/21 [gnoll (8)]
   639 | D:2      | Gained mutation: A meltable shield of frost defends you.
                  | (SH +4) [demonic ancestry]
   639 | D:2      | Reached XP level 3. HP: 14/26 MP: 4/6
   790 | D:1      | Reached skill level 3 in Unarmed Combat
  1413 | D:2      | Lost mutation: You have a pair of horns on your head.
                  | [demonic ancestry]
  1413 | D:2      | Lost mutation: You have a pair of small horns on your head.
                  | [demonic ancestry]
  1413 | D:2      | Gained mutation: You have a pair of small antennae on your
                  | head. [demonic ancestry]
  1413 | D:2      | Reached XP level 4. HP: 28/33 MP: 5/7
  1416 | D:2      | Learned a level 2 spell: Wereblood
  1547 | D:2      | Noticed Sigmund
  2154 | D:2      | HP: 5/33 [Sigmund (6)]
  2156 | D:2      | HP: 2/33 [Sigmund/puff of flame (3)]
  2695 | D:2      | Found a runed translucent door.
  2696 | D:2      | Noticed Crazy Yiuf
  3037 | D:3      | You pick up a book of Burglary and begin reading...
  3037 | D:3      | You add the spells Passwall, Ensorcelled Hibernation and
                  | Swiftness to your library.
  3276 | D:3      | Reached skill level 2 in Fighting
  3703 | D:3      | Noticed Ijyb
  3771 | D:3      | HP: 7/33 [Ijyb (3)]
  4130 | D:3      | HP: 6/33 [Ijyb (3)]
  4135 | D:3      | Killed Ijyb
  4508 | D:4      | You pick up a book of the Senses and begin reading...
  4508 | D:4      | You add the spells Dazzling Flash, Agony and Silence to
                  | your library.
  4583 | D:4      | Found a snail-covered altar of Cheibriados.
  4583 | D:4      | Noticed a torpor snail
  4583 | D:4      | Noticed a torpor snail
  4628 | D:4      | Noticed a torpor snail
  4961 | D:4      | Gained mutation: You sometimes gain a little power by
                  | taking damage. [demonic ancestry]
  4961 | D:4      | Reached XP level 5. HP: 38/38 MP: 9/9
  5098 | D:4      | Found an ornate altar of the Wu Jian Council.
  5157 | D:5      | Entered Level 5 of the Dungeon
  5160 | D:5      | Noticed a black bear
  5174 | D:5      | HP: 7/38 [black bear (10)]
  5175 | D:5      | Killed a black bear
  5176 | D:5      | Reached skill level 1 in Shields
  5176 | D:5      | Reached skill level 3 in Spellcasting
  5464 | D:5      | Reached skill level 3 in Transmutations
  5464 | D:5      | Gained mutation: You have a pair of antennae on your head.
                  | [demonic ancestry]
  5464 | D:5      | Reached XP level 6. HP: 36/46 MP: 10/10
  5601 | D:5      | HP: 11/46 [poisoned by a scorpion]
  5602 | D:5      | HP: 3/46 [poisoned by a scorpion]
  5603 | D:5      | Slain by a scorpion

Vanquished Creatures
  A black bear (D:5)
  A scorpion (D:5)
  Ijyb (D:3)
  A hound skeleton (D:4)
  An adder (D:4)
  A gnoll (D:1)
  An adder skeleton (D:4)
  2 worms (D:2)
  4 dart slugs
  An orc (D:3)
  6 ball pythons
  4 endoplasms (D:1)
  2 giant cockroaches
  5 goblins
  7 hobgoblins
  5 jackals
  11 kobolds
  A quokka (D:3)
  8 bats
  2 frilled lizards (D:2)
  9 rats
74 creatures vanquished.

Table legend:
 A = Non-vault XP
 B = Vault XP
 C = Vault XP percentage of total XP
 D = Non-vault monster count
 E = Vault monster count
 F = Vault count percentage of total count
                 A         B        C        D         E       F
            +---------+---------+-------+---------+---------+-------
      Total |     384 |      38 |   9.0 |      73 |       1 |   1.4
            +---------+---------+-------+---------+---------+-------
        D:1 |      75 |       0 |   0.0 |      36 |       0 |   0.0
        D:2 |      33 |       0 |   0.0 |      18 |       0 |   0.0
        D:3 |      20 |      38 |  65.5 |      10 |       1 |   9.1
        D:4 |      46 |       0 |   0.0 |       7 |       0 |   0.0
        D:5 |     210 |       0 |   0.0 |       2 |       0 |   0.0
            +---------+---------+-------+---------+---------+-------

Illustrated notes

Table legend:
 A = Kills in this place as a percentage of kills in entire the game.
 B = Kills by you in this place as a percentage of kills by you in the entire game.
 C = Kills by friends in this place as a percentage of kills by friends in the entire game.
 D = Other kills in this place as a percentage of other kills in the entire game.
 E = Experience gained in this place as a percentage of experience gained in the entire game.
 F = Experience gained in this place divided by the number of levels of this place that you have seen.
                   A       B       C       D       E      F
               +-------+-------+-------+-------+-------+----------------------
         Total | 100.0 | 100.0 |   N/A |   N/A | 100.0 |  84.4
       Dungeon | 100.0 | 100.0 |   N/A |   N/A | 100.0 |  84.4
               +-------+-------+-------+-------+-------+----------------------

Table legend: (Time is in decaauts)
 A = Elapsed time spent in this place.
 B = Non-inter-level travel time spent in this place.
 C = Inter-level travel time spent in this place.
 D = Time resting spent in this place.
 E = Time spent auto-exploring this place.
 F = Levels seen in this place.
 G = Mean time per level.
                   A        B        C        D        E       F      G
               +--------+--------+--------+--------+--------+-----+--------+
         Total |   5590 |   5218 |    372 |    971 |   3370 |   5 | 1118.0 |
       Dungeon |   5590 |   5218 |    372 |    971 |   3370 |   5 | 1118.0 |
               +--------+--------+--------+--------+--------+-----+--------+

Top non-repeatable levels by time:
     D:1: 1696 daAuts
     D:3: 1444 daAuts
     D:2: 1324 daAuts
     D:4: 682 daAuts
     D:5: 443 daAuts
